 Dungeon Crawl Stone Soup version 0.21.1-1-g345015fe64 (webtiles) character file.

3670 Lavandula the Cleaver (level 9, 0/69 HPs)
             Began as a Centaur Berserker on June 10, 2018.
             Was a High Priest of Trog.
             Slain by a wight
             ... wielding a +0 halberd
              (2 damage)
             ... while paralysed
             ... on level 9 of the Dungeon.
             The game lasted 00:24:12 (3198 turns).

Lavandula the Cleaver (Centaur Berserker)           Turns: 3198, Time: 00:24:12

Health: 0/69       AC: 10    Str: 23    XL:     9   Next: 89%
Magic:  9/9        EV:  1    Int:  8    God:    Trog [*****.]
Gold:   253        SH:  0    Dex:  9    Spells: 8/8 levels left

rFire    . . .     SeeInvis .   y - +0 hand axe of Conscience {chop, *Drain +Rage rPois Stlth-}
rCold    + . .     Gourm    .   (no shield)
rNeg     . . .     Faith    .   x - +1 ring mail "Jirul" {*Slow rC+ Regen+ Int+2}
rPois    +         Spirit   .   l - +2 helmet
rElec    .         Reflect  .   (no cloak)
rCorr    .         Harm     .   (no gloves)
MR       ++...                  (no barding)
Stlth    ..........             (no amulet)
HPRegen  1.61/turn              (no ring)
MPRegen  0.11/turn              (no ring)

@: paralysed, berserk cooldown, regenerating, slowed, drained, very quick
A: large, hooves 3, deformed body, speed 2, tough skin 3
a: Berserk, Trog's Hand, Brothers in Arms, Burn Spellbooks, Renounce Religion,
Evoke Berserk Rage


You were on level 9 of the Dungeon.
You worshipped Trog.
Trog was extremely pleased with you.
You were very hungry.

You visited 1 branch of the dungeon, and saw 9 of its levels.

You collected 253 gold pieces.

Inventory:

Hand Weapons
 a - a +0 hand axe
 r - a +2 flail of venom
 y - the +0 hand axe of Conscience (weapon) {chop, *Drain +Rage rPois Stlth-}
   (You found it on level 6 of the Dungeon)

   It inflicts extra damage upon your enemies.
   It protects you from poison.
   It lets you go berserk.
   It causes draining when unequipped.
   It makes you less stealthy.
 z - a +0 war axe
 G - a +1 shortbow of freezing
Missiles
 k - 71 arrows
 t - 2 throwing nets (quivered)
Armour
 l - a +2 helmet (worn)
 x - the +1 ring mail "Jirul" (worn) {*Slow rC+ Regen+ Int+2}
   (You found it on level 4 of the Dungeon)

   It affects your intelligence (+2).
   It protects you from cold.
   It increases your rate of regeneration.
   It may slow you when you take damage.
 H - a +0 robe of fire resistance
Wands
 s - a wand of flame (35)
 B - a wand of acid (5)
 E - a wand of iceblast (8)
Scrolls
 f - a scroll of amnesia
 g - 2 scrolls of immolation
 h - 2 scrolls of blinking {unknown}
 j - a scroll of enchant armour {unknown}
 n - a scroll of enchant weapon {unknown}
 p - a scroll of fear {unknown}
 q - 2 scrolls of magic mapping {unknown}
 u - 5 scrolls of remove curse
 v - 4 scrolls of identify {unknown}
 C - a scroll of teleportation {unknown}
Potions
 b - a potion of cancellation {unknown}
 d - 2 potions of heal wounds {unknown}
 e - 2 potions of flight {unknown}
 m - a potion of curing {unknown}
 o - 2 potions of degeneration {unknown}
 A - a potion of agility {unknown}
 D - 2 potions of mutation {unknown}
 F - a potion of magic {unknown}
Books
 i - a book of Misfortune

   Spells                             Type                      Level
   a - Confusing Touch                Hexes                        1
   b - Confuse                        Hexes                        3
   c - Gell's Gravitas                Translocation                3
   d - Petrify                        Transmutation/Earth          4
   e - Metabolic Englaciation         Hexes/Ice                    5
   f - Yara's Violent Unravelling     Hexes/Transmutation          5
   Trog disapproves of the use of such an item.
Comestibles
 c - 15 rations
 w - 3 chunks of flesh


   Skills:
 - Level 3.0(2.4) Fighting
 + Level 11.2(10.5) Axes
 - Level 6.0(5.4) Armour
 - Level 1.3(0.8) Dodging


You had 8 spell levels left.
You didn't know any spells.

Dungeon Overview and Level Annotations

Branches:
Dungeon (9/15)             Temple (0/1) D:7            Lair (0/6) D:9
    Orc: D:9-12

Altars:
Ashenzari
Kikubaaqudgha
Nemelex Xobeh
Qazlal
Trog
Vehumet
The Shining One

Shops:
D:6 ((==   D:7 *

Annotations:
D:5 Kisielow's ghost, novice MiFi
D:8 2 transporters, mass2k's ghost, novice GrEE


Innate Abilities, Weirdness & Mutations

You have hooves in place of feet.
Armour fits poorly on your strangely shaped body.
You cover ground very quickly.
You have extremely tough skin. (AC +3)


Message History

Unknown command.
You feel a strong urge to attack something.
You feel your anger nearly subside.
The door flies open with a bang!
You are no longer berserk.
You pass out from exhaustion.
You feel yourself slow down.
You hear two shouts!
Found a stone staircase leading down.
The porcupine bites you but does no damage.
The wight hits you but does no damage.
A two-headed ogre comes into view.
It is wielding a giant club and a giant spiked club.
The two-headed ogre shouts in stereo!
The porcupine bites you.
* * * LOW HITPOINT WARNING * * *
The porcupine bites you but does no damage.
The wight hits you from afar with a halberd!
* * * LOW HITPOINT WARNING * * *
You feel drained.
You die...

P.P.P.rO.......#
P.P....#.F....#
..P....#.o....#
.P.....#...)..#
.P.....#....O.####
PP..O..#....)o...#
..P....###....zt.#
.P..... #....zor#
#......@#
#.......'......
#########......
.>.... O.... .....
.... ####


You could see a two-headed ogre, a crocodile, an ogre, a bullfrog, a porcupine,
2 wights, an orc priest and 2 orcs.

Vanquished Creatures
  Grinder (D:4)
  Sigmund (D:2)
  Menkaure (D:6)
  2 porcupines (D:9)
  3 ice beasts
  3 orc warriors
  A phantom (D:8)
  A sky beast (D:6)
  5 ogres
  A centaur (D:8)
  2 big kobolds (D:8)
  2 bullfrogs
  5 killer bees (D:7)
  A wight (D:9)
  A howler monkey (D:4)
  5 crimson imps
  A bullfrog zombie (D:6)
  3 hounds
  2 orc priests
  A gnoll shaman (D:4)
  2 bullfrog skeletons (D:7)
  An iguana (D:4)
  13 orc wizards
  2 worker ants
  2 worker ant zombies
  8 gnolls
  8 adders
  2 shadow imps
  2 oozes
  2 adder skeletons (D:4)
  5 worms
  2 dart slugs
  A leopard gecko (D:6)
  32 orcs
  3 giant cockroaches
  2 goblins
  5 hobgoblins
  4 jackals
  13 kobolds
  6 quokkas
  2 ball pythons (D:3)
  3 bats
  2 frilled lizards
  4 rats
168 creatures vanquished.

Vanquished Creatures (others)
  A quokka (D:8)
  4 fungi (D:9)
5 creatures vanquished.

Grand Total: 173 creatures vanquished

Notes
Turn   | Place    | Note
-------+----------+-------------------------------------------
     0 | D:1      | Lavandula the Centaur Berserker began the quest for the Orb.
     0 | D:1      | Reached XP level 1. HP: 19/19 MP: 1/1
     7 | D:1      | Reached skill level 3 in Axes
    19 | D:1      | Reached XP level 2. HP: 24/26 MP: 2/2
    73 | D:2      | Noticed Sigmund
    80 | D:2      | Killed Sigmund
    80 | D:2      | Reached skill level 5 in Axes
    80 | D:2      | Reached XP level 3. HP: 31/31 MP: 3/3
    80 | D:2      | Reached XP level 4. HP: 38/38 MP: 4/4
    80 | D:2      | Reached XP level 5. HP: 45/45 MP: 5/5
   219 | D:2      | Found a bloodstained altar of Trog.
   346 | D:3      | Reached ** piety under Trog
   562 | D:3      | Reached skill level 6 in Axes
   839 | D:4      | Noticed Grinder
   848 | D:4      | Killed Grinder
   848 | D:4      | Reached skill level 7 in Axes
   848 | D:4      | Reached XP level 6. HP: 34/51 MP: 6/6
  1014 | D:4      | Reached XP level 7. HP: 37/57 MP: 7/7
  1138 | D:5      | Entered Level 5 of the Dungeon
  1279 | D:5      | Found an ancient bone altar of Kikubaaqudgha.
  1406 | D:5      | Reached skill level 8 in Axes
  1433 | D:5      | Noticed Kisielow's ghost (novice MiFi)
  1627 | D:4      | Found a radiant altar of Vehumet.
  1704 | D:4      | Reached *** piety under Trog
  1731 | D:4      | Got a steaming ring mail
  1742 | D:4      | Identified the +1 ring mail "Jirul" {*Slow rC+ Regen+ Int+2} (You found it on level 4 of the Dungeon)
  1843 | D:6      | Found Mepnel's Antique Weapon Shop.
  1861 | D:6      | Reached XP level 8. HP: 50/63 MP: 8/8
  1897 | D:6      | Got a transparent hand axe
  1898 | D:6      | Identified the cursed +0 hand axe of Conscience {chop, *Drain +Rage rPois Stlth-} (You found it on level 6 of the Dungeon)
  1911 | D:6      | Found Ethyifyr's Jewellery Shoppe.
  1993 | D:6      | Found Yhadesh's Jewellery Shop.
  2065 | D:6      | Noticed Menkaure
  2071 | D:6      | Killed Menkaure
  2093 | D:6      | Found Buocoecu's Antique Weapon Shoppe.
  2099 | D:6      | Reached skill level 5 in Armour
  2162 | D:6      | Found a stormy altar of Qazlal.
  2230 | D:7      | Found a glowing golden altar of the Shining One.
  2302 | D:7      | Reached XP level 9. HP: 69/69 MP: 9/9
  2347 | D:7      | Found a sparkling altar of Nemelex Xobeh.
  2381 | D:7      | Reached **** piety under Trog
  2382 | D:7      | Reached skill level 9 in Axes
  2412 | D:7      | Found Qafaast's Assorted Antiques.
  2574 | D:8      | Found a transporter.
  2588 | D:8      | Noticed mass2k's ghost (novice GrEE)
  2620 | D:7      | Noticed a two-headed ogre
  2713 | D:7      | Found a staircase to the Ecumenical Temple.
  2893 | D:8      | Reached skill level 10 in Axes
  2963 | D:9      | Found a shattered altar of Ashenzari.
  3018 | D:8      | Found a transporter.
  3032 | D:8      | Reached ***** piety under Trog
  3142 | D:9      | Found a staircase to the Lair.
  3187 | D:9      | Reached skill level 11 in Axes
  3197 | D:9      | Noticed a two-headed ogre
  3198 | D:9      | HP: 2/69 [wight/halberd (13)]
  3198 | D:9      | Slain by a wight

Skill      XL: |  1  2  3  4  5  6  7  8  9 |
---------------+----------------------------+-----
Axes           | 3 5 7 8 11 | 11.2
Armour         | 5 6 |  6.0
Fighting       | |  3.0
Dodging        | |  1.3

Action                   |  1- 3 |  4- 6 |  7- 9 || total
-------------------------+-------+-------+-------++-------
Melee: Hand axe          |    18 |    96 |   318 ||   432
       Kick              |     6 |    12 |    69 ||    87
Invok: Berserk           |     1 |     6 |    14 ||    21
       Trog's Hand       |       |       |     2 ||     2
Evoke: Wand              |       |       |     3 ||     3
  Use: Scroll            |       |     2 |     1 ||     3
  Eat: Chunk             |       |     5 |    16 ||    21
       Ration            |       |       |     1 ||     1
Armor: Animal skin       |     3 |    48 |    32 ||    83
       Ring mail         |       |       |   108 ||   108
Dodge: Dodged            |     6 |    48 |   141 ||   195
